Map: Blackpink LE

Players

FoxeR - Winner!

  • Race: Terran Terran
  • Spawn Location: 1:00

cmob

  • Race: Terran Terran
  • League: Master
  • Spawn Location: 7:00

VOD

Have the link to the VOD?

Description

Time

  • Played on: Jan. 28, 2018, 12:30 p.m.
  • Length: 12:08
Show
View Real Time Build Order
Export as new Build Order

FoxeR Terran - Winner!

Build Orders: 1/1/1, Cyclone Opening, Bio Tank 

Get SALT Encoding   

  12  0:00  SCV  
  13  0:13  SCV  
  14  0:18  Supply Depot  
  14  0:25  SCV  
  15  0:30  Refinery  
  15  0:39  SCV  
  16  0:45  Barracks  
  16  0:51  SCV  
  16  0:55  Refinery  
  17  1:03  SCV  
  18  1:15  SCV  
  20  1:34  Reaper  
  20  1:35  Orbital Command  
  20  1:41  Factory  
  20  1:47  Supply Depot  
  20  2:02  SCV  
  20  2:06  Reaper  
  22  2:14  SCV  
  23  2:26  Cyclone  
  23  2:28  Starport  
  23  2:29  SCV  
  27  2:41  SCV  
  27  2:42  Barracks Tech Lab  
  28  2:53  SCV  
  29  3:07  Supply Depot  
  29  3:10  Cyclone  
  32  3:13  SCV  
  32  3:14  Cloaking Field  
  33  3:21  Medivac  
  35  3:27  SCV  
  35  3:31  Command Center, Barracks Reactor  
  36  3:39  SCV  
  37  3:49  Cyclone  
  40  3:57  SCV  
  41  4:09  Banshee, SCV  
  45  4:10  Supply Depot  
  45  4:11  Marine x2  
  47  4:22  Factory Tech Lab  
  47  4:32  SCV  
  47  4:35  Marine x2  
  50  4:44  SCV  
  51  4:48  Orbital Command  
  51  4:51  Siege Tank  
  54  4:56  SCV  
  55  5:01  Command Center  
  55  5:08  SCV  
  56  5:14  SCV  
  56  5:15  Marine  
  56  5:17  Stimpack  
  56  5:20  Refinery  
  58  5:22  Supply Depot  
  58  5:26  Viking  
  60  5:31  Viking  
  60  5:32  SCV x2  
  58  5:37  Marine  
  59  5:43  Siege Tank  
  59  5:46  Refinery  
  59  5:47  SCV x2  
  64  5:56  Marine  
  65  5:59  SCV x2  
  67  6:06  Viking  
  67  6:07  Viking  
  71  6:11  SCV x2  
  71  6:14  Supply Depot, Orbital Command  
  71  6:18  Marine  
  74  6:19  Liberator  
  74  6:20  Siege Tank  
  74  6:23  SCV  
  74  6:24  SCV  
  79  6:33  Orbital Command  
  79  6:35  SCV  
  79  6:37  SCV  
  84  6:47  Barracks, SCV  
  84  6:49  Barracks  
  84  6:51  SCV  
  84  6:53  Marine  
  87  6:55  Viking, Siege Tank  
  87  6:59  Supply Depot  
  92  7:06  SCV x2  
  94  7:08  Engineering Bay  
  94  7:09  Engineering Bay  
  94  7:10  SCV  
  94  7:11  Marine  
  96  7:18  SCV  
  97  7:23  Supply Depot  
  97  7:26  Medivac  
  97  7:27  Combat Shields, Medivac  
  101  7:33  SCV x2  
  101  7:34  SCV  
  104  7:38  Refinery  
  104  7:40  Terran Infantry Armor Level 1, Terran Infantry Weapons Level 1  
  104  7:41  Refinery  
  104  7:45  SCV x2  
  104  7:50  SCV  
  107  7:53  Supply Depot  
  107  7:54  Barracks Reactor x2, Supply Depot  
  107  7:55  Supply Depot  
  107  7:57  SCV  
  108  8:01  Barracks  
  108  8:02  Barracks  
  108  8:04  SCV x2  
  110  8:09  Marine, SCV  
  111  8:16  SCV  
  111  8:18  Siege Tank, Medivac x2  
  111  8:19  SCV  
  120  8:21  SCV  
  120  8:23  Armory  
  121  8:27  Marine, Supply Depot  
  121  8:30  Marine  
  123  8:34  SCV  
  123  8:35  Marine  
  123  8:36  Marine  
  123  8:41  Marine  
  127  8:42  SCV  
  127  8:45  Marine  
  127  8:48  Marine x2  
  126  8:50  Siege Tank  
  126  8:51  Marine  
  126  8:53  Marine x2  
  123  8:59  Marine  
  123  9:00  Medivac x2  
  124  9:03  Marine  
  124  9:08  Marine, Supply Depot x2  
  124  9:09  Supply Depot  
  128  9:11  Barracks Reactor x2  
  128  9:16  Marine x2  
  128  9:17  Factory  
  128  9:18  Terran Vehicle Weapons Level 1  
  128  9:21  Marine  
  128  9:22  Marine, Siege Tank  
  133  9:26  Marine  
  133  9:30  Medivac x2  
  138  9:34  Marine x2  
  138  9:37  Supply Depot  
  138  9:38  Supply Depot  
  137  9:39  Marine x2  
  137  9:44  Marine  
  133  9:46  Marine  
  133  9:47  Marine x2  
  133  9:49  Marine  
  133  9:52  Marine x2  
  138  9:55  Siege Tank  
  138  9:57  Marine x2  
  136  10:02  Marine  
  136  10:04  Marine x2  
  136  10:05  Marine  
  136  10:07  Marine  
  139  10:09  Marine  
  139  10:10  Marine  
  139  10:15  Marine  
  139  10:16  Marauder  
  139  10:19  Factory Tech Lab  
  139  10:20  Marine  
  143  10:22  Marine x3  
  143  10:23  Medivac x2  
  143  10:24  Marine  
  143  10:27  Marine x2  
  153  10:33  Marine, Siege Tank  
  157  10:36  Marine  
  157  10:37  Marine  
  157  10:40  Marine x3, Supply Depot  
  162  10:44  Command Center  
  162  10:46  Marine x3  
  162  10:47  Siege Tank  
  168  10:50  Marine  
  168  10:56  Marine x2  
  170  10:58  Marine x2  
  172  11:05  Siege Tank  
  172  11:07  Sensor Tower  
  172  11:09  Sensor Tower  
  175  11:13  Marine x2  
  177  11:19  Marine x3, Siege Tank  
  177  11:21  Marine  
  177  11:22  Marine x2  
  186  11:26  Supply Depot  
  186  11:31  Sensor Tower, Marine  
Show
View Real Time Build Order
Export as new Build Order

cmob Terran 

Build Orders: Reaper Expand, MMM Bio, Banshee Rush 

Get SALT Encoding   

  12  0:00  SCV  
  13  0:12  SCV  
  14  0:17  Supply Depot  
  14  0:25  SCV  
  15  0:29  Refinery  
  15  0:39  SCV  
  16  0:45  Barracks  
  16  0:51  SCV  
  17  1:03  SCV  
  18  1:15  SCV  
  19  1:33  Reaper, Orbital Command  
  20  1:48  Command Center  
  20  1:58  SCV  
  21  2:03  Factory  
  21  2:07  Marine  
  22  2:12  SCV  
  23  2:17  Supply Depot  
  23  2:24  Refinery  
  23  2:38  Marine, SCV  
  23  2:41  Bunker  
  25  2:50  SCV  
  26  2:53  Hellion  
  26  2:55  Starport  
  28  3:02  SCV  
  28  3:05  Barracks Tech Lab  
  29  3:12  Orbital Command  
  29  3:15  SCV  
  29  3:18  Hellion  
  33  3:27  SCV  
  33  3:36  Barracks Reactor  
  33  3:39  SCV x2  
  35  3:51  SCV x2  
  37  3:56  Cloaking Field  
  37  3:57  Banshee  
  37  3:58  Cyclone  
  43  4:03  SCV x2, Supply Depot  
  45  4:11  Supply Depot  
  45  4:15  SCV  
  46  4:24  Engineering Bay  
  46  4:25  Marine x2, SCV  
  46  4:27  SCV  
  50  4:32  Refinery  
  50  4:37  SCV  
  48  4:39  SCV  
  49  4:47  Barracks Reactor  
  49  4:49  SCV, Raven  
  51  4:53  Missile Turret  
  51  4:55  Missile Turret  
  51  4:56  SCV  
  51  4:58  Factory Tech Lab  
  52  5:03  Barracks  
  52  5:04  Barracks  
  52  5:05  SCV  
  53  5:08  SCV  
  52  5:17  SCV  
  52  5:18  Siege Tank  
  56  5:22  SCV  
  56  5:23  Supply Depot  
  56  5:24  Marine  
  58  5:29  SCV  
  58  5:34  SCV  
  60  5:38  Terran Infantry Weapons Level 1  
  60  5:43  Supply Depot  
  60  5:45  Marine x2  
  60  5:49  SCV x2  
  64  5:52  Starport Reactor  
  64  5:53  Barracks Reactor  
  64  6:01  SCV x2  
  66  6:07  Marine x2  
  68  6:13  SCV x2  
  68  6:15  Command Center  
  68  6:17  Marine  
  71  6:20  Stimpack  
  71  6:25  Marine x2, SCV x2  
  73  6:30  Barracks  
  73  6:32  Barracks  
  75  6:37  SCV x2  
  75  6:39  Supply Depot  
  77  6:40  Marine  
  77  6:42  Supply Depot  
  77  6:46  Supply Depot  
  78  6:52  Marine x4  
  78  6:53  Medivac x2  
  86  7:00  Marine, SCV, Siege Tank  
  91  7:02  Supply Depot  
  91  7:03  SCV  
  92  7:08  Refinery  
  92  7:10  Marine x4  
  92  7:12  SCV  
  97  7:17  SCV  
  97  7:18  Marine  
  97  7:20  Barracks Reactor  
  97  7:21  Barracks Reactor  
  99  7:23  Medivac x2  
  99  7:25  SCV  
  99  7:29  Marine x3, SCV, Armory  
  108  7:33  Siege Tank  
  111  7:40  Marine  
  111  7:41  Marine, Engineering Bay  
  113  7:47  Marine x2, Orbital Command  
  115  7:51  Marine  
  115  7:57  Marine x3  
  115  7:58  Marine x2  
  121  7:59  Marine  
  121  8:00  Medivac  
  121  8:04  Marine  
  121  8:05  Marine  
  126  8:09  Marine  
  126  8:12  SCV  
  127  8:15  Marine x4  
  130  8:20  Combat Shields  
  130  8:24  Marine x3  
  133  8:31  Marine  
  133  8:48  Marine x2  
  125  8:49  Marine  
  125  8:50  Marine x3  
  125  8:55  Marine x2  
  125  8:57  Marine  
  125  9:00  Siege Tank  
  124  9:04  SCV  
  124  9:09  Terran Infantry Weapons Level 2, Supply Depot x2  
  125  9:15  Supply Depot  
  125  9:17  Terran Infantry Armor Level 1  
  125  9:27  Marine x7, SCV  
  125  9:30  Marine x2  
  125  9:31  SCV  
  133  9:45  Marine x7  
  131  9:48  Marine x2  
  95  10:03  Marine x7, SCV  
  95  10:06  Marine x2  
  99  10:07  SCV x2  
  93  10:15  SCV  
  93  10:19  SCV x2, Medivac  
  93  10:20  Marine x7  
  105  10:23  Siege Tank  
  105  10:24  Marine x2  
  105  10:26  Medivac  
  112  10:30  Refinery  
  112  10:38  Refinery, Marine x7  
  112  10:42  Marine x2  
  121  10:49  Medivac  
  123  10:50  Supply Depot  
  123  10:54  SCV x2  
  123  10:55  Siege Tank, SCV  
  123  10:56  Marine x7  
  136  10:59  Marine  
  136  11:03  Marine  
  138  11:05  Factory  
  138  11:06  SCV x2, Supply Depot  
  140  11:13  Sensor Tower  
  140  11:14  Marine  
  140  11:15  Sensor Tower  
  141  11:20  Marine x2  
  141  11:21  Marine  
  141  11:24  Supply Depot  
  144  11:30  SCV x2  
  146  11:33  Supply Depot  
  147  11:40  Refinery  
  147  11:42  Marine x2, SCV  
Tags
 
Add a new tag
Caveats
  • Supply blocks, unpowered buildings, or Contaminate may cause inaccurate times.
  • Supply counts are checked every 10 seconds.